Map: Ruins of Seras

Players

lesha - Winner!

  • Race: Terran Terran

NiftY

  • Race: Protoss Protoss
  • League: Bronze

VOD

Have the link to the VOD?

Description

Time

  • Played on: Dec. 10, 2015, 9:18 a.m.
  • Length: 12:17
Show
View Real Time Build Order
Export as new Build Order

lesha Terran - Winner!

Build Orders: MMM Bio 

Get SALT Encoding   

  12  0:01  SCV  
  13  0:13  SCV  
  14  0:18  Supply Depot  
  14  0:25  SCV  
  15  0:40  SCV  
  16  0:43  Barracks  
  16  0:54  SCV  
  17  1:10  SCV  
  18  1:17  Command Center  
  18  1:22  SCV  
  19  1:27  Refinery  
  19  1:38  Orbital Command  
  19  1:42  Marine  
  20  1:51  Supply Depot  
  20  2:02  Marine  
  20  2:06  SCV  
  22  2:09  Refinery  
  22  2:20  Marine  
  23  2:30  SCV  
  23  2:31  Orbital Command  
  23  2:32  Bunker  
  23  2:42  SCV  
  23  2:44  Factory  
  24  2:50  Marine  
  25  2:54  SCV  
  26  2:59  SCV  
  27  3:06  SCV  
  27  3:12  SCV  
  29  3:14  Supply Depot  
  29  3:15  Supply Depot  
  29  3:18  SCV  
  30  3:30  Barracks Reactor  
  30  3:32  Starport, Barracks  
  30  3:33  Factory Tech Lab  
  30  3:42  SCV  
  30  3:43  SCV  
  32  3:50  Refinery  
  32  3:53  Siege Tank  
  32  3:54  SCV  
  32  3:55  SCV  
  37  4:09  Engineering Bay  
  37  4:11  SCV x2  
  37  4:13  Engineering Bay  
  39  4:19  Refinery  
  39  4:21  Marine  
  39  4:22  Marine  
  39  4:23  SCV x2, Barracks Tech Lab  
  43  4:28  Medivac  
  45  4:43  Siege Tank, Bunker  
  48  4:47  Marauder, Marine x2  
  48  4:51  Terran Infantry Weapons Level 1  
  48  4:52  Terran Infantry Armor Level 1  
  52  4:53  SCV  
  52  4:54  SCV  
  54  5:05  Marine x2  
  54  5:06  Supply Depot  
  56  5:08  Supply Depot  
  56  5:10  Marauder  
  58  5:24  Starport Reactor  
  58  5:26  Barracks  
  58  5:28  Stimpack, Barracks  
  58  5:31  Marine  
  58  5:32  Marine  
  60  5:36  SCV  
  60  5:40  SCV  
  62  5:48  SCV  
  64  5:50  Marine  
  64  5:51  Marine  
  64  5:52  SCV, Marauder  
  68  6:06  SCV  
  68  6:07  SCV  
  70  6:18  Barracks Reactor x2  
  70  6:19  SCV x2, Marine x2  
  70  6:20  Marauder  
  76  6:29  Armory  
  76  6:43  Marine x2  
  78  6:58  Supply Depot x3  
  78  7:00  Command Center  
  78  7:19  Marine x6  
  78  7:20  Marauder  
  86  7:40  Marine x4  
  86  7:41  Marauder, Marine  
  92  7:53  Marine  
  92  7:58  Marine x2  
  95  7:59  Supply Depot  
  95  8:01  Terran Infantry Weapons Level 2  
  95  8:02  Supply Depot, Terran Infantry Armor Level 2  
  95  8:03  Supply Depot  
  95  8:04  Supply Depot, Marine  
  95  8:05  Marine x2  
  98  8:06  Marauder  
  98  8:10  Medivac  
  98  8:11  Medivac  
  104  8:15  Combat Shields  
  104  8:27  Marauder  
  106  8:54  Orbital Command  
  106  8:55  Marine x2  
  106  8:56  Marine x3  
  106  8:57  Marine, Marauder  
  106  8:59  Medivac x2  
  118  9:05  Refinery  
  118  9:13  Marine x4  
  118  9:14  Marine  
  118  9:15  Marine  
  124  9:18  Marauder  
  126  9:31  Marine x2  
  126  9:32  Marine x3  
  126  9:33  Marine  
  132  9:39  Marine  
  133  9:49  Marine x3  
  136  9:55  Marine x2  
  136  9:56  Medivac x2  
  136  9:57  Marauder  
  136  9:58  Marine  
  145  10:07  Marine x2  
  145  10:12  Marine  
  145  10:13  Marine  
  148  10:29  Supply Depot x2  
  148  10:31  Marauder  
  149  10:36  Orbital Command  
  149  10:52  Supply Depot x2  
  149  10:53  Marauder  
  128  11:10  Marine x2  
  128  11:11  Marine x4  
  132  11:14  Marauder  
  132  11:15  Medivac x2  
  140  11:19  Command Center  
  140  11:28  Marine x3  
  140  11:29  Marine x3  
  146  11:36  Marauder  
  147  11:45  Medivac x2  
  147  11:46  Marine x4  
  147  11:47  SCV, Marine x2  
  153  11:48  SCV  
  153  11:53  Command Center  
Show
View Real Time Build Order
Export as new Build Order

NiftY Protoss 

Build Orders:  

Get SALT Encoding   

  12  0:01  Probe (Chrono Boost)  
  13  0:12  Probe (Chrono Boost)  
  14  0:20  Pylon  
  14  0:42  Gateway  
  14  0:47  Probe (Chrono Boost)  
  15  0:54  Pylon  
  15  0:59  Assimilator  
  15  1:03  Probe (Chrono Boost)  
  16  1:15  Probe (Chrono Boost)  
  17  1:26  Probe (Chrono Boost)  
  18  1:32  Cybernetics Core  
  18  1:37  Probe (Chrono Boost)  
  19  1:41  Zealot  
  19  1:42  Pylon  
  21  1:59  Assimilator  
  21  2:00  Pylon  
  21  2:11  Pylon  
  21  2:23  Probe (Chrono Boost)  
  22  2:34  Probe (Chrono Boost), Gateway  
  22  2:36  Gateway  
  23  2:43  Warp Gate  
  23  2:44  Probe (Chrono Boost)  
  23  2:46  Stalker  
  26  3:11  Nexus  
  26  3:30  Zealot  
  26  3:31  Zealot  
  30  3:44  Assimilator  
  30  3:49  Assimilator  
  30  3:52  Pylon  
  30  3:57  Zealot  
  30  3:59  Zealot  
  34  4:11  Probe (Chrono Boost)  
  35  4:22  Probe (Chrono Boost)  
  36  4:27  Robotics Facility  
  36  4:32  Sentry  
  36  4:33  Probe (Chrono Boost)  
  36  4:35  Adept  
  36  4:38  Adept  
  43  4:42  Probe (Chrono Boost)  
  43  4:43  Probe (Chrono Boost)  
  45  4:53  Probe (Chrono Boost)  
  45  4:54  Probe (Chrono Boost)  
  47  5:03  Probe (Chrono Boost)  
  47  5:05  Mothership Core (Chrono Boost)  
  51  5:14  Probe (Chrono Boost)  
  51  5:16  Immortal  
  55  5:29  Pylon  
  55  5:36  Probe (Chrono Boost)  
  56  5:46  Probe (Chrono Boost)  
  57  5:55  Immortal  
  62  5:57  Probe (Chrono Boost)  
  62  6:07  Probe (Chrono Boost)  
  62  6:08  Robotics Bay  
  63  6:12  Pylon  
  63  6:18  Probe (Chrono Boost)  
  64  6:28  Probe (Chrono Boost)  
  65  6:39  Probe (Chrono Boost)  
  66  6:40  Gateway  
  66  6:42  Gateway  
  66  6:44  Gateway  
  66  6:48  Pylon  
  66  6:49  Probe (Chrono Boost)  
  67  6:58  Immortal  
  67  7:00  Probe (Chrono Boost)  
  72  7:01  Adept  
  74  7:20  Observer Gravitic Boosters  
  64  7:37  Immortal  
  65  7:53  Probe (Chrono Boost)  
  66  8:03  Probe (Chrono Boost)  
  67  8:08  Adept x2  
  67  8:09  Adept x2  
  67  8:10  Adept  
  77  8:14  Probe (Chrono Boost)  
  78  8:23  Pylon  
  78  8:24  Probe (Chrono Boost)  
  79  8:35  Probe (Chrono Boost)  
  79  8:38  Adept x3  
  79  8:39  Adept  
  79  8:40  Adept  
  90  8:44  Observer  
  91  8:49  Stalker  
  93  9:00  Adept x3  
  93  9:01  Adept  
  101  9:05  Warp Prism  
  103  9:17  Zealot  
  105  9:32  Pylon  
  105  9:33  Pylon  
  105  9:35  Pylon  
  105  9:56  Stalker x2  
  105  9:57  Stalker x2  
  105  9:58  Stalker  
  34  11:12  Stalker x4  
  34  11:13  Stalker  
  44  11:18  Colossus  
  50  11:27  Mothership Core (Chrono Boost)  
  52  11:35  Stalker x2  
  52  11:36  Stalker x3  
Tags
 
Composition
MMM Bio
League
Bronze
Matchup
PvT
Add a new tag
Caveats
  • Supply blocks, unpowered buildings, or Contaminate may cause inaccurate times.
  • Supply counts are checked every 10 seconds.